 Dungeon Crawl Stone Soup version 0.17.1-3-g152610e (webtiles) character file.

195 Alarkh the Chopper (level 5, 0/38 HPs)
             Began as a Mummy Skald on Apr 12, 2016.
             Slain by Natasha (1 damage)
             ... on level 3 of the Dungeon.
             The game lasted 00:04:25 (3512 turns).

Alarkh the Chopper (Mummy Skald)                    Turns: 3512, Time: 00:04:26

Health: 0/38       AC:  5    Str: 15    XL:     5   Next: 45%
Magic:  4/8        EV: 11    Int: 12    God:    Xom [.*....]
Gold:   120        SH:  0    Dex: 12    Spells: 2 memorised, 5 levels left

rFire  x . .     SeeInvis +     a - +0 hand axe
rCold  + . .     Clarity  .     b - +0 leather armour
rNeg   + + +     SustAt   .     (no shield)
rPois  ∞         Gourm    .     (no helmet)
rElec  .         Spirit   .     (no cloak)
rCorr  .         Warding  .     (no gloves)
rMut   .         Stasis   .     m - +1 pair of boots
MR     .....                    (no amulet)
Stlth  +.........               (no ring)
                                e - ring of see invisible

@: not resistant to hostile enchantments, very unstealthy
A: no food or potions, fire vulnerability, cold resistance 1, negative energy
resistance 3, torment resistance, unbreathing
a: Renounce Religion


You were on level 3 of the Dungeon.
You worshipped Xom.
You were a plaything of Xom.
You were not hungry.

You visited 1 branch of the dungeon, and saw 3 of its levels.

You collected 120 gold pieces.

Inventory:

Hand Weapons
 a - a +0 hand axe (weapon)
Missiles
 g - 2 needles of slowing
 j - 6 curare-tipped needles
 k - 2 throwing nets (quivered)
Armour
 b - a +0 leather armour (worn)
 m - a +1 pair of boots (worn)
Jewellery
 e - a ring of see invisible (left hand)
Scrolls
 d - a scroll of remove curse
 h - a scroll of magic mapping
 i - 2 scrolls of noise
 l - a scroll of blinking
 n - 2 scrolls of recharging
 o - a scroll of enchant armour {unknown}
 p - a scroll of amnesia {unknown}
Books
 c - a book of Battle

   Spells                             Type                      Level
   a - Infusion                       Charms                       1
   b - Shroud of Golubria             Charms/Translocation         2
   c - Song of Slaying                Charms                       2
   d - Spectral Weapon                Hexes/Charms                 3
   e - Regeneration                   Charms/Necromancy            3


   Skills:
 - Level 2.0 Fighting
 + Level 4.8 Axes
 - Level 0.7 Armour
 - Level 0.7 Dodging
 - Level 2.0 Spellcasting
 - Level 2.4 Charms


You had 5 spell levels left.
You knew the following spells:

 Your Spells              Type           Power        Failure   Level  Hunger
a - Infusion              Chrm           #.....       14%         1    N/A
b - Song of Slaying       Chrm           #.......     21%         2    N/A

Dungeon Overview and Level Annotations

Branches:
Dungeon (3/15)

Altars:
Makhleb
Nemelex Xobeh
Xom
The Shining One

Annotations:
D:3 Natasha


Innate Abilities, Weirdness & Mutations

You do not eat or drink.
Your flesh is vulnerable to fire.
You are immune to poison.
Your flesh is cold resistant.
You are immune to negative energy.
You are immune to unholy pain and torment.
You can survive without breathing.


Message History

Natasha is lightly wounded.
You hit the goblin.
The goblin is almost dead.
Natasha mewls in sadness.
Natasha claws you.
* * * LOW HITPOINT WARNING * * *
The goblin barely misses you.
You slash Natasha!
Natasha is almost dead.
You barely miss the goblin.
The goblin is almost dead.
Natasha mumbles some strange words.
The goblin closely misses you.
You closely miss Natasha.
Natasha is severely wounded.
You hit the goblin.
You kill the goblin!
You barely miss the giant newt. Natasha claws you.
You die...
Xom titters!

....### #)..######...#####
#.... .......###.###
#.......# #.... #)....####
#...#.#.# #....
#......lg#######.....# #....
#.######.....##..#.#.# #....
...##########...!.....###....
..####.........##.#####)....#
.. #......5l)##...####.##.###
. #........@####............
#........h## #####..##.###
#.........(## #.###.# #
#...........# ####.# #.# #
#........(#.###....# #.#
#.......÷(#.#...#### #.#
#..(........#.### #.#
#....#########..#.###### ...
.........................


You could see Natasha, a crimson imp and a giant newt.

Vanquished Creatures
  Natasha (D:3)
  9 adders
  An ooze (D:1)
  3 worms
  2 giant geckos (D:2)
  6 orcs (D:3)
  5 bats
  2 giant cockroaches
  8 goblins
  11 hobgoblins
  10 jackals (D:2)
  3 kobolds
  3 giant newts
  4 rats (D:2)
68 creatures vanquished.

Notes
Turn   | Place    | Note
--------------------------------------------------------------
     0 | D:1      | Alarkh the Mummy Skald began the quest for the Orb.
     0 | D:1      | Reached XP level 1. HP: 16/16 MP: 3/3
   231 | D:1      | Reached XP level 2. HP: 4/22 MP: 0/5
   445 | D:1      | Learned a level 2 spell: Song of Slaying
  1486 | D:2      | Reached XP level 3. HP: 23/27 MP: 0/6
  1524 | D:2      | Reached skill level 3 in Axes
  1711 | D:2      | Found a sparkling altar of Nemelex Xobeh.
  1893 | D:2      | Reached XP level 4. HP: 25/33 MP: 3/7
  2019 | D:2      | Found a burning altar of Makhleb.
  2020 | D:2      | Found a shimmering altar of Xom.
  2026 | D:2      | Became a worshipper of Xom the Tricky
  2124 | D:2      | XOM: cast spell 'Cause Fear'
  2639 | D:2      | Reached skill level 4 in Axes
  2650 | D:2      | Found a glowing golden altar of the Shining One.
  2874 | D:2      | XOM is BORED!
  2874 | D:2      | XOM: mild Tloc miscast
  3124 | D:3      | Reached XP level 5. HP: 20/38 MP: 0/8
  3143 | D:3      | XOM: silly message
  3443 | D:3      | XOM: mild Trmt miscast
  3482 | D:3      | Noticed Natasha
  3490 | D:3      | Killed Natasha
  3502 | D:3      | XOM: harmless Hex miscast
  3505 | D:3      | Noticed Natasha
  3510 | D:3      | HP: 1/38 [Natasha (4)]
  3512 | D:3      | Slain by Natasha

Action                   |  1- 3 |  4- 6 || total
-------------------------+-------+-------++-------
Melee: Hand axe          |   117 |   112 ||   229
 Cast: Infusion          |    23 |    23 ||    46
  Use: Scroll            |       |     5 ||     5
